 Dungeon Crawl Stone Soup version 0.31.0-4-g52a2dc7128 (webtiles) character file.

Game seed: 287268531831034088

2811 nightchill the Grappler (level 9, -2/71 HPs)
             Began as a Merfolk Shapeshifter on Jan 22, 2024.
             Was a Believer of Okawaru.
             Slain by a troll (9 damage)
             ... on level 6 of the Dungeon.
             The game lasted 00:16:44 (5559 turns).

nightchill the Grappler (Merfolk Shapeshifter)      Turns: 5559, Time: 00:16:44

Health: -2/71      AC:  7    Str: 19    XL:     9   Next: 72%
Magic:  7/9        EV: 14    Int:  9    God:    Okawaru [**....]
Gold:   336        SH:  0    Dex: 13    Spells: 8/8 levels left

rFire   . .          .
                       - Unarmed
rCold   + . .        (no shield)
rNeg    . . .        s - +1 ring mail
rPois   +            (helmet currently unavailable)
rElec   .            (cloak currently unavailable)
rCorr   .            (gloves currently unavailable)
SInv    .            (boots currently unavailable)
Will    .....        (no amulet)
Stlth   ++           e - ring of poison resistance
HPRegen 0.31/turn    A - ring of protection from cold
MPRegen 0.11/turn

%: no passive effects
@: beast-form, heroic
A: beast (slay +4), (nimble swimmer 2), mertail
a: Begin Untransformation, Renounce Religion, Heroism


You were on level 6 of the Dungeon.
You worshipped Okawaru.
Okawaru was pleased with you.
You were a hulking beast.
You visited 2 branches of the dungeon, and saw 7 of its levels.

You collected 336 gold pieces.

Inventory:

Missiles
 H - 2 throwing nets (quivered)
Armour
 a - a +0 animal skin
 i - a scarf of repulsion
 s - a +1 ring mail (worn)
 C - a +0 hat
Jewellery
 e - a ring of poison resistance (left hand)
 u - a ring of see invisible
 A - a ring of protection from cold (right hand)
Talismans
 c - a beast talisman (active)
 d - a flux talisman
 q - a maw talisman
Wands
 r - a wand of charming (14)
Scrolls
 g - a scroll of enchant weapon {unknown}
 h - 5 scrolls of teleportation
 j - a scroll of brand weapon
 k - a scroll of noise
 m - 2 scrolls of fear {unknown}
 n - 3 scrolls of enchant armour
 t - a scroll of amnesia {unknown}
 v - a scroll of acquirement {unknown}
 w - a scroll of fog {unknown}
 x - 2 scrolls of blinking {unknown}
 y - 2 scrolls of revelation {unknown}
 D - 2 scrolls of vulnerability {unknown}
Potions
 b - 2 potions of lignification
 f - 2 potions of attraction
 l - 2 potions of heal wounds
 o - a potion of berserk rage {unknown}
 p - 2 potions of brilliance
 z - a potion of invisibility {unknown}
 B - a potion of cancellation {unknown}
 E - 2 potions of curing {unknown}
 F - a potion of ambrosia {unknown}
 G - 2 potions of haste {unknown}
 I - a potion of enlightenment {unknown}


   Skills:
 + Level 6.7(11.7) Fighting
 - Level 2.6(7.6) Dodging
 * Level 10.1(15.1) Unarmed Combat
 + Level 0.1 Invocations
 + Level 10.0 Shapeshifting


You had 8 spell levels left.
You didn't know any spells.
Your spell library contained the following spells:

 Spells                   Type           Power      Damage    Failure   Level
 Freeze                   Ice            0%         1d3       56%         1
 Jinxbite                 Hex            0%         N/A       71%         2
 Sublimation of Blood     Necr           0%         N/A       71%         2
 Frozen Ramparts          Ice            0%         1d1       90%         3
 Hailstorm                Conj/Ice       0%         3d5       90%         3
 Petrify                  Alch/Erth      0%         N/A       100%        4
 Irradiate                Conj/Alch      0%         3d11      100%        5
 Yara's Violent Unravell  Hex/Alch       0%         3d3       100%        5
 Enfeeble                 Hex            0%         N/A       100%        7


Dungeon Overview and Level Annotations

Branches:
Dungeon (6/15)             Temple (1/1) D:5

Altars:
Ashenzari
Cheibriados
Dithmenos
Elyvilon
Fedhas
Kikubaaqudgha
Makhleb
Nemelex Xobeh
Okawaru
Qazlal
Ru
Sif Muna
Trog
Uskayaw
Vehumet
Xom
Yredelemnul
Zin
The Shining One

Shops:
D:1 *

Annotations:
D:2 exclusion: 2 downstairs
D:4 3 runed translucent doors, Pikel; melvinkitnick's ghost, amateur DsEE


Innate Abilities, Weirdness & Mutations

You are a hulking beast.
Your limbs bulge with bestial killing power. (Slay +4)
((You are very nimble when in or above water. (Stealth+, EV+, Speed+++)))
Your lower body shifts to a powerful aquatic tail in water.


Message History

The orc wizard is lightly wounded.
The orc wizard hits you but does no damage.
The troll shouts!
You punch the orc wizard!
The orc wizard is severely wounded.
The orc wizard hits you but does no damage.
You hit the orc wizard but do no damage.
The orc wizard is severely wounded.
You barely miss the orc wizard.
The orc wizard is severely wounded.
The orc wizard barely misses you.
You hit the orc wizard.
The orc wizard is almost dead.
The orc wizard casts a spell.
The orc wizard flickers and vanishes!
Deactivating autopickup; reactivate with Ctrl-A.
You miss something. You punch something. Okawaru accepts your kill.
Reactivating autopickup.
You feel a bit more experienced.
You gain the combat prowess of a mighty hero.
The troll closely misses you. x2; The troll claws you.
Things that are here:
a +0 dagger; a +0 robe; a +0 falchion You barely miss the troll.
You closely miss the troll. The troll bites you. The troll claws you.
The troll claws you!
You closely miss the troll. The troll bites you! The troll claws you!
* * * LOW HITPOINT WARNING * * *
The troll claws you but does no damage.
You closely miss the troll. The troll closely misses you. The troll claws you!
* * * LOW HITPOINT WARNING * * *
The troll barely misses you.
You closely miss the troll. You punch the troll!
The troll is moderately wounded.
The troll bites you!
* * * LOW HITPOINT WARNING * * *
The troll claws you!
You die...

#.~~~....# .~~~....# . ######g
$~~~....# ... #....#. ~≈≈..P.#
###''#########....#. ~≈~....#
..'..')$.....'Th..#'###≈≈....#
##################'#...#≈~P...#
...................#..g#≈~....#
~~~~~~~≈≈~≈~~~~~~~~#####≈~....#
≈≈≈≈~≈≈≈≈≈≈≈≈≈≈≈≈≈≈≈≈≈≈≈≈~....#
~~~~~~~~~~~~~~~~~~~~≈~~~~~....#
...........P.............P....#
.............P................#
###############################


You could see a troll.

Vanquished Creatures
  A gargoyle (D:6)
  Sigmund (D:2)
  2 water moccasins
  An orc warrior (D:6)
  3 ice beasts
  A sky beast (D:6)
  A black bear (D:4)
  A wolf (D:6)
  2 ogres (D:5)
  2 centaurs
  A phantom (D:4)
  A kobold brigand (D:6)
  A scorpion (D:5)
  5 howler monkeys (D:6)
  3 bombardier beetles
  10 hounds
  2 orc priests
  A jelly (D:4)
  Ijyb (D:3)
  2 iguanas
  An orc wizard (D:6)
  Robin (D:3)
  A gnoll (D:6)
  7 adders
  4 dart slugs
  A ribbon worm (D:2)
  13 orcs
  5 ball pythons
  7 bats
  5 endoplasms
  A giant cockroach (D:2)
  8 goblins
  13 hobgoblins
  11 jackals
  7 kobolds
  5 quokkas
  5 frilled lizards
  8 rats
145 creatures vanquished.

Notes
Turn   | Place    | Note
-------+----------+-------------------------------------------
     0 | D:1      | nightchill the Merfolk Shapeshifter began the quest for the
                  | Orb.
     0 | D:1      | Reached XP level 1. HP: 15/15 MP: 1/1
    96 | D:1      | Reached XP level 2. HP: 2/21 MP: 2/2
   402 | D:1      | Found Arygec's Assorted Antiques.
   697 | D:1      | Reached XP level 3. HP: 21/26 MP: 3/3
   956 | D:2      | Reached XP level 4. HP: 25/33 MP: 4/4
  1184 | D:2      | Reached skill level 5 in Shapeshifting
  1296 | D:2      | Found a glowing silver altar of Zin.
  1654 | D:3      | Noticed a black bear
  1654 | D:3      | Noticed a +0 hand axe
  1761 | D:3      | Noticed Sigmund
  1773 | D:2      | Killed Sigmund
  1774 | D:2      | Reached skill level 5 in Unarmed Combat
  1774 | D:2      | Reached XP level 5. HP: 21/41 MP: 5/5
  1774 | D:2      | Reached XP level 6. HP: 24/47 MP: 6/6
  1907 | D:3      | Noticed Ijyb
  1920 | D:3      | Killed Ijyb
  1964 | D:3      | Found a shimmering blue altar of Sif Muna.
  2039 | D:3      | Noticed Robin
  2059 | D:3      | Killed Robin
  2370 | D:3      | Found a hide-covered altar of Uskayaw.
  2370 | D:3      | Noticed a +0 hand axe
  2586 | D:4      | Reached XP level 7. HP: 30/49 MP: 7/7
  2919 | D:4      | Found a runed translucent gate.
  2919 | D:4      | Noticed melvinkitnick's ghost (amateur DsEE)
  2920 | D:4      | Found a runed translucent gate.
  2921 | D:4      | Found a runed translucent gate.
  3048 | D:4      | Noticed Pikel
  3067 | D:4      | HP: 2/53 [Pikel/+2 whip of flaming (5)]
  3467 | D:5      | Entered Level 5 of the Dungeon
  3591 | D:5      | Reached XP level 8. HP: 33/61 MP: 8/8
  3706 | D:5      | Found a shadowy altar of Dithmenos.
  3877 | D:5      | Found a staircase to the Ecumenical Temple.
  3886 | Temple   | Entered the Ecumenical Temple
  3924 | Temple   | Became a worshipper of Warmaster Okawaru
  4061 | D:5      | Found a stormy altar of Qazlal.
  4088 | D:5      | Found a sacrificial altar of Ru.
  4217 | D:5      | Found a sparkling altar of Nemelex Xobeh.
  4657 | D:5      | Reached skill level 5 in Fighting
  4756 | D:5      | Reached * piety under Okawaru
  4888 | D:6      | Reached XP level 9. HP: 68/68 MP: 9/9
  5098 | D:6      | Noticed a gargoyle
  5122 | D:6      | Killed a gargoyle
  5122 | D:6      | Reached ** piety under Okawaru
  5123 | D:6      | Reached skill level 10 in Shapeshifting
  5336 | D:6      | Reached skill level 10 in Unarmed Combat
  5348 | D:6      | Noticed a troll
  5559 | D:6      | Slain by a troll

Illustrated notes

Levels and vault maps discovered:
D:1:      eino_arrival_tree_alley, layout_rooms, serial_shops, shop
D:2:      layout_loops_ring, basic_altar
D:3:      layout_loops_ring, dancing_weapons_uskayaw,
          mainiacjoe_overflow_alcove_1, uniq_sigmund, uniq_robin, uniq_ijyb
D:4:      layout_basic, serial_glass, glass_columns_a, glass_columns_a,
          gammafunk_ghost_split, uniq_pikel
D:5:      layout_gridville, lemuel_round_altar, lemuel_round_altar,
          nicolae_dithmenos_through_a_glass_darkly, nicolae_ru_awakened_eye,
          minmay_temple_entry_crystal_x
D:6:      lemuel_castle_with_subvaults [lemuel_castle_interior_original],
          layout_cave_pools, hangedman_decor_peaks_small, minmay_starry_boxes
Temple:   nicolae_temple_godzebo

Skill      XL: |  1  2  3  4  5  6  7  8  9 |
---------------+----------------------------+-----
Unarmed Combat | 4 5 7 8 10 | 10.1
Fighting       | 2 3 4 5 6 |  6.7
Shapeshifting  | 6 7 9 10 | 10.0
Dodging        | |  2.6
Invocations    | |  0.1

Action                     |  1- 3 |  4- 6 |  7- 9 || total
---------------------------+-------+-------+-------++-------
  Melee: Unarmed           |    90 |   165 |   249 ||   504
         Punch             |       |     5 |     7 ||    12
         Maw               |       |       |    16 ||    16
         Tailslap          |       |       |     2 ||     2
  Throw: Throwing net      |       |       |     1 ||     1
 Invoke: Heroism           |       |       |     3 ||     3
    Use: Scroll            |       |     5 |     2 ||     7
         Potion            |       |       |     1 ||     1
   Stab: Sleeping          |     1 |     1 |       ||     2
         Held in net/web   |       |       |     1 ||     1
 Armour: Animal skin       |    47 |    39 |       ||    86
         Ring mail         |       |    44 |   125 ||   169
         Skin              |       |       |    17 ||    17
  Dodge: Dodged            |    34 |    86 |   130 ||   250
   Form: Flux              |       |       |     1 ||     1
         Beast             |       |       |     2 ||     2
         Maw               |       |       |     1 ||     1
